 Dungeon Crawl Stone Soup version 0.30.0-5-g1a98f26d00 (webtiles) character file.

Game seed: 7991882719160335776

112 hawla the Firebug (level 5, -2/39 HPs)
             Began as a Meteoran Fire Elementalist on May 11, 2023.
             Slain by a steam dragon (3 damage)
             ... on level 4 of the Dungeon.
             The game lasted 00:05:47 (398 turns).

hawla the Firebug (Meteoran Fire Elementalist)       Turns: 398, Time: 00:05:48

Health: -2/39      AC:  2    Str: 10    XL:     5   Next: 40%
Magic:  4/11       EV: 13    Int: 18    God:
Gold:   75         SH:  0    Dex: 14    Spells: 4/11 levels left

rFire   . . .        j - +0 long sword
rCold   . . .        (no shield)
rNeg    . . .        a - +0 robe
rPois   .            (no helmet)
rElec   .            (no cloak)
rCorr   .            (no gloves)
SInv    .            (no boots)
Will    .....        (no amulet)
Stlth   +            (no ring)
HPRegen 0.26/turn    (no ring)
MPRegen 0.12/turn

%: no passive effects
@: glowing
A: sense surroundings 1, otherworldly, glowing, explore regen
a: no special abilities


You were on level 4 of the Dungeon.
You visited 1 branch of the dungeon, and saw 4 of its levels.

You collected 75 gold pieces.

Inventory:

Hand Weapons
 j - a +0 long sword (weapon)
Armour
 a - a +0 robe (worn)
 k - a +0 pair of boots
Scrolls
 e - a scroll of fog {unknown}
 g - a scroll of immolation {unknown}
 h - a scroll of brand weapon {unknown}
Potions
 b - a potion of magic
 c - 2 potions of curing {unknown}
 d - a potion of degeneration {unknown}
 f - a potion of invisibility {unknown}
 i - a potion of lignification {unknown}


   Skills:
 - Level 0.3 Fighting
 - Level 2.9 Dodging
 - Level 1.4 Stealth
 - Level 3.9 Spellcasting
 + Level 2.1 Conjurations
 - Level 5.2 Fire Magic


You had 4 spell levels left.
You knew the following spells:

 Your Spells              Type           Power      Damage    Failure   Level
a - Foxfire               Conj/Fire      64%        2x1d7     3%          1
b - Scorch                Fire           44%        2d7       2%          2
c - Flame Wave            Conj/Fire      16%        2d7       32%         4

Your spell library contained the following spells:

 Spells                   Type           Power      Damage    Failure   Level
 Inner Flame              Hex/Fire       13%        N/A       16%         3
 Volatile Blastmotes      Fire/Tloc      26%        2d12      16%         3


Dungeon Overview and Level Annotations

Branches:
Dungeon (4/15) Zot: 2000
 Temple: D:4-7

Altars:


Innate Abilities, Weirdness & Mutations

You passively map a small area around you.
You are easily found by Zot.
You glow in the dark.
You regain HP and MP as you explore.


Message History

You now have 75 gold pieces (gained 5).
You open the door.
A steam dragon comes into view.
Casting: Foxfire (safe; 3% risk of failure)
Confirm with . or Enter, or press ? or * to list all spells.
Flames lash the steam dragon.
The steam dragon is moderately wounded.
The steam dragon's fire resistance burns away.
Casting: Scorch (safe; 2% risk of failure)
Confirm with . or Enter, or press ? or * to list all spells.
Flames lash the steam dragon.
The steam dragon is burned terribly!
The steam dragon is severely wounded.
The steam dragon bites you. The steam dragon closely misses you.
Casting: Scorch (safe; 2% risk of failure)
Confirm with . or Enter, or press ? or * to list all spells.
Flames lash the steam dragon.
The steam dragon is severely wounded.
The steam dragon breathes steam at you. The ball of steam hits you!
You hear a shout!
Casting: Scorch (safe; 2% risk of failure)
Confirm with . or Enter, or press ? or * to list all spells.
You conjure some foxfire!
You are engulfed in a cloud of scalding steam.
* * * LOW HITPOINT WARNING * * *
The steam dragon breathes steam at you. The ball of steam misses you.
The steam dragon attacks as you move away!
The steam dragon bites you.
* * * LOW HITPOINT WARNING * * *
The steam dragon completely misses you.
The foxfire hits the steam dragon.
The steam dragon is burned terribly!
The steam dragon is severely wounded.
The foxfire hits the steam dragon but does no damage.
The steam dragon is severely wounded.
The steam dragon attacks as you move away!
The steam dragon bites you!
* * * LOW HITPOINT WARNING * * *
The steam dragon claws you.
You die...

, * + , , *## * *
#####.###,* ###
........#, ....,
......# .....,
#.§§#...# , *
*#§@D'...# , ,
#§§##...... ,
##..#* ..##. ,
#...####+#*
#..†.....# ,,, *
#........# ,
#######'##.### ,
#...##..###########
#....'............#
,,


You could see a steam dragon (combustible).

Vanquished Creatures
  A phantom (D:4)
  2 adders (D:3)
  2 bats (D:2)
  3 endoplasms
  3 goblins
  4 hobgoblins
  A quokka (D:4)
  A ball python (D:2)
  A rat (D:3)
18 creatures vanquished.

Vanquished Creatures (others)
  48 foxfires
48 creatures vanquished.

Grand Total: 66 creatures vanquished

Notes
Turn   | Place    | Note
-------+----------+-------------------------------------------
     0 | D:1      | hawla the Meteoran Fire Elementalist began the quest for
                  | the Orb.
     0 | D:1      | Reached XP level 1. HP: 14/14 MP: 5/5
   115 | D:2      | Reached XP level 2. HP: 8/20 MP: 1/6
   126 | D:2      | Learned a level 2 spell: Scorch
   154 | D:2      | Reached skill level 4 in Fire Magic
   266 | D:3      | Reached XP level 3. HP: 26/26 MP: 5/8
   301 | D:4      | Noticed a phantom
   317 | D:4      | Killed a phantom
   318 | D:4      | Reached skill level 5 in Fire Magic
   318 | D:4      | Reached XP level 4. HP: 26/34 MP: 3/10
   318 | D:4      | Reached XP level 5. HP: 30/39 MP: 3/11
   323 | D:4      | Learned a level 4 spell: Flame Wave
   392 | D:4      | Noticed a steam dragon
   398 | D:4      | HP: 1/39 [steam dragon (7)]
   398 | D:4      | Slain by a steam dragon

Illustrated notes

Levels and vault maps discovered:
D:1:      dpeg_arrival_tiny_c, layout_loops_cross, st_stairs_14
D:2:      layout_loops_ring
D:3:      layout_rooms
D:4:      cheibrodos_quashed, layout_gridville, minmay_temple_entry_junction

Skill      XL: |  1  2  3 |
---------------+----------+-----
Fire Magic     | 4 5 |  5.2
Spellcasting   | 3 |  3.9
Conjurations   | 2 |  2.1
Fighting       | |  0.3
Dodging        | |  2.9
Stealth        | |  1.4

Action                     |  1- 3 |  4- 6 || total
---------------------------+-------+-------++-------
  Melee: Unarmed           |     8 |       ||     8
         Long sword        |     2 |     4 ||     6
   Cast: Foxfire           |    22 |     5 ||    27
         Scorch            |     4 |     3 ||     7
 Armour: Robe              |     4 |     1 ||     5
  Dodge: Dodged            |     7 |     3 ||    10
